Map: Dusk Towers

Players

MCanning

  • Race: Protoss Protoss
  • League: Grandmaster

MillForGG (ForGG) - Winner!

  • Race: Terran Terran
  • League: Diamond

VOD

Have the link to the VOD?

Description

Time

  • Played on: Jan. 3, 2016, 12:37 a.m.
  • Length: 8:10
Show
View Real Time Build Order
Export as new Build Order

MCanning Protoss 

Build Orders: 1 Gate Expand, Blink Stalkers 

Get SALT Encoding   

  12  0:01  Probe (Chrono Boost)  
  13  0:11  Probe (Chrono Boost)  
  14  0:18  Pylon  
  14  0:22  Probe (Chrono Boost)  
  15  0:36  Probe (Chrono Boost)  
  15  0:37  Gateway  
  16  0:47  Probe (Chrono Boost)  
  16  0:48  Assimilator  
  17  0:57  Probe (Chrono Boost)  
  18  1:08  Probe (Chrono Boost)  
  19  1:20  Nexus  
  19  1:24  Probe (Chrono Boost)  
  20  1:34  Probe (Chrono Boost)  
  20  1:37  Cybernetics Core  
  21  1:45  Probe (Chrono Boost)  
  22  1:47  Assimilator  
  22  1:55  Probe (Chrono Boost)  
  22  1:58  Pylon  
  22  2:16  Adept (Chrono Boost)  
  22  2:17  Mothership Core (Chrono Boost)  
  26  2:23  Pylon, Warp Gate  
  26  2:33  Probe (Chrono Boost)  
  26  2:35  Probe (Chrono Boost)  
  28  2:42  Probe  
  29  2:46  Probe (Chrono Boost)  
  29  2:54  Probe (Chrono Boost)  
  30  2:58  Probe (Chrono Boost)  
  30  2:59  Twilight Council  
  30  3:05  Probe (Chrono Boost)  
  32  3:09  Probe (Chrono Boost)  
  33  3:15  Probe (Chrono Boost)  
  33  3:19  Probe (Chrono Boost)  
  35  3:22  Gateway  
  35  3:24  Gateway  
  35  3:26  Sentry, Probe (Chrono Boost)  
  38  3:30  Probe (Chrono Boost)  
  39  3:35  Probe (Chrono Boost)  
  39  3:38  Blink (Chrono Boost)  
  39  3:40  Probe  
  41  3:45  Probe  
  42  3:51  Pylon  
  42  3:52  Probe (Chrono Boost)  
  43  3:57  Probe (Chrono Boost)  
  42  4:04  Probe (Chrono Boost)  
  42  4:08  Probe (Chrono Boost)  
  42  4:09  Pylon  
  44  4:15  Probe (Chrono Boost)  
  44  4:16  Robotics Facility  
  45  4:19  Probe (Chrono Boost)  
  45  4:21  Assimilator  
  46  4:25  Probe (Chrono Boost), Assimilator  
  46  4:27  Stalker x2  
  46  4:28  Stalker, Probe (Chrono Boost)  
  54  4:43  Probe x2 (Chrono Boost)  
  56  4:55  Probe x2 (Chrono Boost)  
  58  5:00  Nexus  
  58  5:02  Pylon  
  58  5:03  Pylon  
  58  5:05  Probe (Chrono Boost)  
  54  5:08  Stalker x2  
  54  5:13  Probe (Chrono Boost)  
  59  5:16  Probe (Chrono Boost)  
  58  5:25  Probe (Chrono Boost)  
  58  5:26  Probe (Chrono Boost)  
  58  5:31  Gateway  
  58  5:34  Pylon  
  58  5:35  Gateway, Probe (Chrono Boost)  
  59  5:40  Observer (Chrono Boost)  
  60  5:44  Stalker x2  
  64  5:51  Probe  
  64  5:52  Robotics Bay  
  64  5:53  Probe  
  66  5:58  Stalker  
  66  5:59  Observer (Chrono Boost)  
  69  6:09  Resonating Glaives, Forge  
  69  6:11  Forge  
  69  6:12  Probe  
  69  6:13  Probe  
  69  6:14  Probe  
  69  6:18  Observer (Chrono Boost)  
  73  6:23  Probe  
  73  6:25  Probe  
  74  6:26  Probe  
  74  6:30  Gateway  
  76  6:33  Gateway, Probe  
  76  6:35  Stalker  
  76  6:37  Sentry  
  76  6:38  Probe  
  82  6:51  Probe  
  82  6:54  Probe, Disruptor (Chrono Boost)  
  82  7:01  Probe  
  86  7:02  Disruptor (Chrono Boost)  
  86  7:04  Assimilator  
  86  7:06  Pylon  
  86  7:08  Assimilator  
  87  7:12  Photon Cannon  
  87  7:15  Photon Cannon  
  87  7:16  Sentry  
  87  7:22  Stalker x3  
  95  7:26  Disruptor (Chrono Boost)  
  95  7:28  Pylon  
  98  7:30  Pylon  
  98  7:42  Adept x2  
  87  7:54  Probe  
  83  7:59  Stalker x2  
Show
View Real Time Build Order
Export as new Build Order

MillForGG Terran - Winner!

Build Orders: Liberator Opening, Reaper Expand, MMM Bio 

Get SALT Encoding   

  12  0:01  SCV  
  13  0:13  SCV  
  14  0:18  Supply Depot  
  14  0:25  SCV  
  15  0:39  SCV  
  15  0:41  Barracks  
  16  0:44  Refinery  
  16  0:52  SCV  
  17  1:04  SCV  
  18  1:16  SCV  
  19  1:28  Reaper, Orbital Command  
  20  1:42  Command Center  
  20  1:50  Supply Depot  
  20  1:54  SCV  
  20  1:58  Refinery  
  20  2:01  Marine  
  21  2:07  SCV  
  23  2:14  Factory  
  23  2:19  SCV  
  23  2:22  Barracks Reactor  
  24  2:31  SCV  
  25  2:43  SCV  
  26  2:55  SCV, Orbital Command  
  26  2:58  Factory Tech Lab  
  26  3:00  Starport, Marine x2  
  28  3:07  SCV  
  29  3:17  Cyclone, Marine  
  29  3:18  Marine  
  34  3:21  SCV x2  
  34  3:24  Supply Depot, Liberator  
  36  3:33  SCV x2  
  38  3:35  Marine x2  
  40  3:45  SCV  
  40  3:46  SCV  
  40  3:48  Supply Depot  
  45  3:53  Marine x2  
  47  3:58  SCV x2  
  49  4:06  Barracks  
  49  4:07  Barracks  
  52  4:10  Siege Tank  
  52  4:12  SCV  
  52  4:13  SCV  
  54  4:18  Refinery x2  
  54  4:24  SCV  
  55  4:25  SCV  
  55  4:26  Starport Reactor  
  56  4:31  Supply Depot  
  56  4:32  Marine x2  
  58  4:42  SCV x2  
  57  4:51  Barracks  
  57  4:53  Barracks  
  57  4:54  Barracks Tech Lab x2  
  57  4:59  SCV x2  
  59  5:02  Engineering Bay  
  59  5:09  Siege Tank  
  59  5:13  Combat Shields  
  59  5:14  Stimpack, Liberator  
  62  5:16  Marauder x2  
  62  5:20  Supply Depot  
  66  5:23  Marine  
  66  5:24  Marine  
  66  5:28  Supply Depot  
  65  5:33  Medivac  
  70  5:38  Supply Depot  
  70  5:41  Barracks Reactor  
  70  5:45  SCV  
  70  5:47  Barracks Tech Lab  
  72  5:52  Marauder x2  
  75  5:58  Engineering Bay  
  75  5:59  Supply Depot  
  75  6:01  Terran Infantry Weapons Level 1  
  75  6:09  Marine x2  
  75  6:11  Siege Tank  
  80  6:21  Marauder x3  
  80  6:22  Marine x2  
  88  6:27  Marine x2  
  88  6:31  Supply Depot  
  88  6:32  Supply Depot, Medivac x2  
  94  6:35  Concussive Shells  
  94  6:40  Marine x2  
  94  6:44  Marine  
  94  6:45  Marine  
  95  6:52  Marauder x3  
  100  6:58  Marine x2  
  102  7:02  Marine x2  
  102  7:03  Medivac x2  
  108  7:13  Marauder x3  
  114  7:16  Marine x2  
  114  7:20  Marine x2  
  118  7:24  Supply Depot  
  118  7:25  Supply Depot  
  112  7:44  Marauder x2  
  112  7:45  Marauder  
  112  7:49  Marine x4  
Tags
 
Add a new tag
Caveats
  • Supply blocks, unpowered buildings, or Contaminate may cause inaccurate times.
  • Supply counts are checked every 10 seconds.